Punishers vs Bears
Created - February 20, 2024 at 20:11
Goals
|
| Punishers |
3 |
1 |
1 |
5 |
| Bears |
6 |
3 |
1 |
10 |
|
Shots
|
| Punishers |
12 |
14 |
10 |
36 |
| Bears |
15 |
16 |
10 |
41 |
|
1st period
1. Bears , Nikolay Prokhorkin 5 (A.J. Jenks 27) at 3:13
2. Bears , Nicolas Aube-Kubel 38 (Kerby Rychel 50, Christian Dvorak 32) at 4:45
3. Punishers , Phillip Danault 18 (Kevin Roy 17) at 4:51
4. Bears , Kerby Rychel 26 (Christian Dvorak 33) at 7:15 (PP)
5. Punishers , Ben Betker 5 (Anton Blidh 32, John Quenneville 45) at 7:35 (PP)
6. Bears , Logan O'Connor 13 (Emil Johansson 13, Mikko Vainonen 19) at 10:25
7. Bears , Nicolas Aube-Kubel 39 (Mikko Vainonen 20, Kerby Rychel 51) at 16:29
8. Bears , Christian Dvorak 14 (Nicolas Aube-Kubel 28, Kerby Rychel 52) at 18:08
9. Punishers , Anton Blidh 22 (John Quenneville 46) at 19:27
Penalties :
Austen Brassard (Pro) for Slashing (Minor) at 7:13, Nicolas Aube-Kubel (Her) for Interference (Minor) at 7:32
2nd period
10. Punishers , Kole Lind 10 (Nicolas Beaudin 5, Kevin Roy 18) at 2:37
11. Bears , Adam Lowry 10 (Gianluca Curcuruto 20, Austin Wuthrich 18) at 8:03
12. Bears , Austin Wuthrich 18 (Jacob Bryson 15) at 8:54
13. Bears , Sam Carrick 16 (Mikko Vainonen 21, Joshua Leivo 19) at 15:54 (PP)
Penalties :
Fredrik Claesson (Pro) for Hooking (Minor) at 5:18, Kole Lind (Pro) for Interference (Minor) at 15:37
3rd period
14. Bears , Adam Lowry 11 (Gianluca Curcuruto 21) at 9:40
15. Punishers , Anton Blidh 23 (John Quenneville 47) at 10:55
Penalties :
Tanner Jeannot (Pro) for Hooking (Minor) at 6:37
Goalie Stats
Cal Petersen (Pro), 12 saves from 17 shots - (0.706), 34:31 minutes
Jack LaFontaine (Pro), 19 saves from 24 shots - (0.792), L, 0-2-0, 25:29 minutes
Jake Allen (Her), 31 saves from 36 shots - (0.861), W, 27-16-1, 60:00 minutes
Players Stats for Punishers
Player Name G A P +/- PIM S H SB GA TA FO MP PP MP PK MP
------------------------------------------------------------------------------------
Anton Blidh 2 1 3 -2 0 4 2 0 0 1 0/2 22:37 0:03 1:54
Artem Zub 0 0 0 -2 0 4 1 1 2 1 0/0 27:24 0:03 1:52
Austen Brassard 0 0 0 -2 2 0 3 1 0 1 0/1 20:42 0:03 0:00
Ben Betker 1 0 1 -3 0 2 1 3 0 0 0/0 23:13 0:03 1:52
Ben Meyers 0 0 0 0 0 0 0 0 0 0 0/0 0:31 0:00 0:24
Carson Meyer 0 0 0 -2 0 0 4 1 0 0 0/0 11:29 0:00 0:00
Connor Clifton 0 0 0 0 0 0 0 0 1 0 0/0 13:43 0:00 0:00
Daniel Audette 0 0 0 -2 0 3 2 0 1 0 1/3 12:49 0:00 1:20
Fredrik Claesson 0 0 0 -2 2 1 1 2 1 1 0/0 19:54 0:00 1:24
Jack Ahcan 0 0 0 1 0 0 0 0 0 0 0/0 2:24 0:00 0:11
Jesse Ylonen 0 0 0 0 0 0 1 0 0 0 0/0 7:56 0:00 0:00
John Hayden 0 0 0 0 0 4 1 0 0 0 2/6 7:56 0:00 0:00
John Quenneville 0 3 3 -2 0 6 0 0 2 1 14/27 22:38 0:03 1:55
Kevin Roy 0 2 2 0 0 2 1 0 1 0 11/18 15:28 0:00 0:00
Kole Lind 1 0 1 0 2 4 0 0 0 0 0/0 15:27 0:00 0:00
Marcus Karlberg 0 0 0 0 0 0 0 0 0 0 0/0 0:00 0:00 0:00
Nicolas Beaudin 0 1 1 0 0 0 0 0 1 1 0/0 12:39 0:00 0:50
Niko Mikkola 0 0 0 -2 0 0 0 1 0 1 0/0 20:49 0:00 2:25
Oskar Lindblom 0 0 0 -2 0 2 3 0 0 0 0/0 13:13 0:00 1:44
Phillip Danault 1 0 1 0 0 3 2 0 0 0 2/3 16:52 0:00 1:17
Tanner Jeannot 0 0 0 0 2 1 1 1 1 0 0/0 7:55 0:00 0:00
Players Stats for Bears
Player Name G A P +/- PIM S H SB GA TA FO MP PP MP PK MP
------------------------------------------------------------------------------------
A.J. Jenks 0 1 1 -2 0 0 3 0 1 0 0/0 17:22 1:56 0:00
Adam Lowry 2 0 2 2 0 5 1 0 0 0 4/9 14:30 0:21 0:00
Austin Wuthrich 1 1 2 2 0 2 4 0 0 1 0/0 13:35 0:26 0:00
Christian Dvorak 1 2 3 2 0 2 0 0 0 0 16/30 22:26 2:00 0:03
Cole Smith 0 0 0 2 0 1 0 1 0 0 0/0 13:02 0:00 0:00
Emil Johansson 0 1 1 3 0 4 0 0 1 1 0/0 22:26 1:06 0:00
Gianluca Curcuruto 0 2 2 2 0 0 0 4 0 1 0/0 28:39 1:22 0:00
Jacob Bryson 0 1 1 2 0 1 1 1 0 0 0/0 16:31 1:49 0:00
Joshua Leivo 0 1 1 -2 0 1 1 0 1 2 2/3 17:11 1:56 0:00
Kerby Rychel 1 3 4 2 0 6 4 0 2 0 0/1 20:48 1:55 0:03
Logan O'Connor 1 0 1 2 0 3 2 0 0 0 0/0 8:26 0:00 0:00
Michael Prapavessis 0 0 0 2 0 0 0 1 0 1 0/0 17:38 1:22 0:03
Mikko Vainonen 0 3 3 0 0 3 1 1 1 0 0/0 28:42 2:55 0:03
Nicolas Aube-Kubel 2 1 3 2 2 3 2 3 1 2 1/3 20:44 1:55 0:00
Nikolay Prokhorkin 1 0 1 2 0 3 0 0 0 1 0/0 8:59 0:26 0:00
Sam Carrick 1 0 1 -2 0 3 2 0 0 0 5/11 17:11 1:56 0:00
Tommy Vannelli 0 0 0 -1 0 0 0 0 0 1 0/0 3:20 0:00 0:00
Vincent Dunn 0 0 0 2 0 4 1 0 0 0 2/3 8:26 0:00 0:00
3 Stars
1 - Kerby Rychel (Her)
2 - Nicolas Aube-Kubel (Her)
3 - Adam Lowry (Her)
Power Play
Punishers - 1 on 1 Attempt(s) - 100.00%
Bears - 2 on 4 Attempt(s) - 50.00%
Penalty Kill
Punishers - 2 on 4 Attempt(s) - 50.00%
- Score 0 goal in Penalty Kill
Bears - 0 on 1 Attempt(s) - 0.00%
- Score 0 goal in Penalty Kill
Team Stat
Punishers - Hits : 23 - Faceoff Wins : 30 - Blocked Shots : 10 - Penalty Minutes : 8
Bears - Hits : 22 - Faceoff Wins : 30 - Blocked Shots : 11 - Penalty Minutes : 2
Official
Referees : Jon McIsaac and Chris Rooney
Linesman : Bryan Pancich and David Brisebois
Game Notes
Tommy Vannelli is injured at 6:09 of 1st period (Head)
Jack LaFontaine enters game at 10:25 of 1st period
Jack Ahcan is injured at 9:48 of 2nd period (Right Foot)
Cal Petersen enters game at 15:54 of 2nd period
Finance
Level 1 -- Attendance: 1778 (88.90%) -- Ticket Income $124,460
Level 2 -- Attendance: 983 (98.30%) -- Ticket Income $39,320
Total Attendance: 2761 (92.03%)
Total Ticket Income: $163,780
Other Income: $8,189
Total Income: $171,969
Punishers
5 vs 5 Forward
Center Left Wing Right Wing Time % Phy DF OF
1 John Quenneville Anton Blidh Austen Brassard 40 1 2 2
2 Kevin Roy Phillip Danault Kole Lind 30 1 2 2
3 Daniel Audette Oskar Lindblom Carson Meyer 20 1 2 2
4 John Hayden Tanner Jeannot Jesse Ylonen 10 1 2 2
5 vs 5 Defense
Defense Defense Time % Phy DF OF
1 Artem Zub Ben Betker 40 1 2 2
2 Fredrik Claesson Niko Mikkola 30 1 2 2
3 Connor Clifton Nicolas Beaudin 20 1 2 2
4 Jack Ahcan Artem Zub 10 1 2 2
PowerPlay Forward
Center Left Wing Right Wing Time % Phy DF OF
1 John Quenneville Anton Blidh Austen Brassard 60 1 2 2
2 Kevin Roy Phillip Danault Kole Lind 40 1 2 2
PowerPlay Defense
Defense Defense Time % Phy DF OF
1 Artem Zub Ben Betker 60 1 2 2
2 Fredrik Claesson Niko Mikkola 40 1 2 2
Penalty Kill 4 Players Forward
Center Wing Time % Phy DF OF
1 John Quenneville Anton Blidh 60 1 2 2
2 Phillip Danault Oskar Lindblom 40 1 2 2
Penalty Kill 4 Players Defense
Defense Defense Time % Phy DF OF
1 Artem Zub Ben Betker 60 1 2 2
2 Fredrik Claesson Niko Mikkola 40 1 2 2
Penalty Kill - 3 Players Forward
Forward Time % Phy DF OF
1 John Quenneville 60 1 2 2
2 Anton Blidh 40 1 2 2
Penalty Kill - 3 Players Defense
Defense Defense Time % Phy DF OF
1 Artem Zub Ben Betker 60 1 2 2
2 Fredrik Claesson Niko Mikkola 40 1 2 2
4 vs 4 Forward
Center Wing Time % Phy DF OF
1 John Quenneville Anton Blidh 60 1 2 2
2 Phillip Danault Oskar Lindblom 40 1 2 2
4 vs 4 Defense
Defense Defense Time % Phy DF OF
1 Artem Zub Ben Betker 60 1 2 2
2 Fredrik Claesson Niko Mikkola 40 1 2 2
Last Minutes Offensive
Center Left Wing Right Wing Defense Defense
John Quenneville Anton Blidh Austen Brassard Artem Zub Ben Betker
Last Minutes Defensive
Center Left Wing Right Wing Defense Defense
John Quenneville Anton Blidh Austen Brassard Artem Zub Ben Betker
Goaltenders
Starting : Cal Petersen
Backup : Jack LaFontaine
Extra Forwards
Normal : Ben Meyers, Marcus Karlberg, Daniel Audette - PP : Ben Meyers, Marcus Karlberg - PK : Daniel Audette
Extra Defensemen
Normal : Connor Clifton, Nicolas Beaudin, Jack Ahcan - PP : Connor Clifton - PK : Nicolas Beaudin, Jack Ahcan
Penalty Shots
John Quenneville, Anton Blidh, Phillip Danault, Oskar Lindblom, Kevin Roy
Custom OT Lines Forwards
John Quenneville, Anton Blidh, Phillip Danault, Oskar Lindblom, Kevin Roy, Daniel Audette, Austen Brassard, Kole Lind, Carson Meyer, Tanner Jeannot
Custom OT Lines Defensemen
Artem Zub, Ben Betker, Fredrik Claesson, Niko Mikkola, Connor Clifton
Scratches
None
Bears
5 vs 5 Forward
Center Left Wing Right Wing Time % Phy DF OF
1 Christian Dvorak Kerby Rychel Nicolas Aube-Kubel 40 0 1 4
2 Sam Carrick A.J. Jenks Joshua Leivo 30 0 1 4
3 Adam Lowry Cole Smith Austin Wuthrich 20 0 2 3
4 Vincent Dunn Nikolay Prokhorkin Logan O'Connor 10 0 2 3
5 vs 5 Defense
Defense Defense Time % Phy DF OF
1 Mikko Vainonen Tommy Vannelli 40 0 3 2
2 Gianluca Curcuruto Michael Prapavessis 30 0 3 2
3 Jacob Bryson Emil Johansson 20 0 4 1
4 Mikko Vainonen Tommy Vannelli 10 0 3 2
PowerPlay Forward
Center Left Wing Right Wing Time % Phy DF OF
1 Christian Dvorak Kerby Rychel Nicolas Aube-Kubel 60 0 0 5
2 Sam Carrick A.J. Jenks Joshua Leivo 40 0 0 5
PowerPlay Defense
Defense Defense Time % Phy DF OF
1 Mikko Vainonen Tommy Vannelli 60 0 2 3
2 Gianluca Curcuruto Michael Prapavessis 40 0 2 3
Penalty Kill 4 Players Forward
Center Wing Time % Phy DF OF
1 Kerby Rychel Christian Dvorak 60 0 4 1
2 Nicolas Aube-Kubel Sam Carrick 40 0 4 1
Penalty Kill 4 Players Defense
Defense Defense Time % Phy DF OF
1 Mikko Vainonen Tommy Vannelli 60 0 4 1
2 Gianluca Curcuruto Michael Prapavessis 40 0 4 1
Penalty Kill - 3 Players Forward
Forward Time % Phy DF OF
1 Kerby Rychel 60 0 5 0
2 Christian Dvorak 40 0 5 0
Penalty Kill - 3 Players Defense
Defense Defense Time % Phy DF OF
1 Mikko Vainonen Tommy Vannelli 60 0 5 0
2 Gianluca Curcuruto Michael Prapavessis 40 0 5 0
4 vs 4 Forward
Center Wing Time % Phy DF OF
1 Kerby Rychel Christian Dvorak 60 0 1 4
2 Nicolas Aube-Kubel Sam Carrick 40 0 1 4
4 vs 4 Defense
Defense Defense Time % Phy DF OF
1 Mikko Vainonen Tommy Vannelli 60 0 3 2
2 Gianluca Curcuruto Michael Prapavessis 40 0 3 2
Last Minutes Offensive
Center Left Wing Right Wing Defense Defense
Sam Carrick Kerby Rychel Nicolas Aube-Kubel Mikko Vainonen Tommy Vannelli
Last Minutes Defensive
Center Left Wing Right Wing Defense Defense
Sam Carrick Kerby Rychel Nicolas Aube-Kubel Michael Prapavessis Tommy Vannelli
Goaltenders
Starting : Jake Allen
Backup : Artyom Zagidulin
Extra Forwards
Normal : Kerby Rychel, Nicolas Aube-Kubel, Sam Carrick - PP : Kerby Rychel, Sam Carrick - PK : Sam Carrick
Extra Defensemen
Normal : Mikko Vainonen, Tommy Vannelli, Gianluca Curcuruto - PP : Jacob Bryson - PK : Tommy Vannelli, Michael Prapavessis
Penalty Shots
Nicolas Aube-Kubel, Joshua Leivo, Kerby Rychel, Sam Carrick, Christian Dvorak
Custom OT Lines Forwards
Kerby Rychel, Christian Dvorak, Nicolas Aube-Kubel, Sam Carrick, Joshua Leivo, A.J. Jenks, Cole Smith, Austin Wuthrich, Vincent Dunn, Adam Lowry
Custom OT Lines Defensemen
Mikko Vainonen, Tommy Vannelli, Gianluca Curcuruto, Michael Prapavessis, Jacob Bryson
Scratches
Blake Speers (Healthy), Colby Cave (Healthy), Jesper Pettersson (Healthy), David Farrance (Healthy), Mackenze Stewart (Healthy)
Zack Hayes (Healthy), Mario Ferraro (Healthy), Will Reilly (Healthy), Kristians Rubins (Healthy), Ryan Graves (Healthy)
Isaac Ratcliffe (Healthy), Nicholas Caamano (Healthy), Jakob Stenqvist (Healthy), Arvid Henrikson (Healthy), Kirill Maksimov (Healthy)
% Time on Ice - Punishers
Lines # - Real PCT - Wanted PCT - Time Play
Normal Forward
1 - 37% - 40% - 20:47
2 - 28% - 30% - 15:28
3 - 21% - 20% - 11:29
4 - 14% - 10% - 7:56
Normal Defense
1 - 37% - 40% - 20:41
2 - 33% - 30% - 18:24
3 - 21% - 20% - 11:47
4 - 9% - 10% - 4:48
PP Forward
1 - 100% - 60% - 0:03
2 - 0% - 40% - 0:00
PP Defense
1 - 100% - 60% - 0:03
2 - 0% - 40% - 0:00
PK Forward
1 - 84% - 60% - 3:36
2 - 16% - 40% - 0:41
PK Defense
1 - 44% - 60% - 1:52
2 - 56% - 40% - 2:25
PK3 Forward
1 - 0% - 60%
2 - 0% - 40%
PK3 Defense
1 - 0% - 60%
2 - 0% - 40%
44 Forward
1 - 0% - 60%
2 - 0% - 40%
44 Defense
1 - 0% - 60%
2 - 0% - 40%
Last Minute Offensive - 0:00
Last Minute Defensive - 0:00
Total
Forward - 60:00
Defense - 60:00
|
% Time on Ice - Bears
Lines # - Real PCT - Wanted PCT - Time Play
Normal Forward
1 - 34% - 40% - 18:57
2 - 27% - 30% - 15:15
3 - 23% - 20% - 13:02
4 - 15% - 10% - 8:26
Normal Defense
1 - 43% - 40% - 23:53
2 - 28% - 30% - 15:26
3 - 19% - 20% - 10:36
4 - 10% - 10% - 5:45
PP Forward
1 - 55% - 60% - 2:21
2 - 45% - 40% - 1:56
PP Defense
1 - 68% - 60% - 2:55
2 - 32% - 40% - 1:22
PK Forward
1 - 100% - 60% - 0:03
2 - 0% - 40% - 0:00
PK Defense
1 - 100% - 60% - 0:03
2 - 0% - 40% - 0:00
PK3 Forward
1 - 0% - 60%
2 - 0% - 40%
PK3 Defense
1 - 0% - 60%
2 - 0% - 40%
44 Forward
1 - 0% - 60%
2 - 0% - 40%
44 Defense
1 - 0% - 60%
2 - 0% - 40%
Last Minute Offensive - 0:00
Last Minute Defensive - 0:00
Total
Forward - 60:00
Defense - 60:00
|
Play-by-Play
1st period
0:01 of 1st period - Christian Dvorak wins face-off versus John Quenneville in neutral zone.
0:50 of 1st period - Niko Mikkola is hit by Austin Wuthrich and loses puck.
0:55 of 1st period - Snap shot by Adam Lowry.
0:55 of 1st period - Shot Misses the Net.
0:57 of 1st period - Snap shot by Emil Johansson.
0:57 of 1st period - Stopped by Cal Petersen without a rebound.
0:58 of 1st period - Vincent Dunn wins face-off versus John Hayden in Punishers zone.
1:47 of 1st period - Wrist shot by Adam Lowry.
1:47 of 1st period - Stopped by Cal Petersen without a rebound.
1:48 of 1st period - Kevin Roy wins face-off versus Adam Lowry in Punishers zone.
1:48 of 1st period - Kevin Roy is hit by Adam Lowry.
2:12 of 1st period - Cole Smith is hit by Carson Meyer and loses puck.
3:13 of 1st period - Wrist shot by Nikolay Prokhorkin.
3:13 of 1st period - Goal by Nikolay Prokhorkin - Punishers : 0 - Bears : 1.
3:14 of 1st period - Kevin Roy wins face-off versus Joshua Leivo in neutral zone.
4:35 of 1st period - Wrist shot by John Hayden.
4:35 of 1st period - Stopped by Jake Allen without a rebound.
4:36 of 1st period - Christian Dvorak wins face-off versus John Quenneville in Bears zone.
4:45 of 1st period - Snap shot by Nicolas Aube-Kubel.
4:45 of 1st period - Goal by Nicolas Aube-Kubel - Punishers : 0 - Bears : 2.
4:46 of 1st period - Kevin Roy wins face-off versus Sam Carrick in neutral zone.
4:51 of 1st period - Wrist shot by Phillip Danault.
4:51 of 1st period - Goal by Phillip Danault - Punishers : 1 - Bears : 2.
4:52 of 1st period - Christian Dvorak wins face-off versus Austen Brassard in neutral zone.
5:17 of 1st period - A.J. Jenks is hit by Phillip Danault and loses puck.
5:22 of 1st period - Snap shot by Kevin Roy.
5:22 of 1st period - Shot Misses the Net.
5:28 of 1st period - Snap shot by Kevin Roy.
5:28 of 1st period - Deflect By Kole Lind.
5:28 of 1st period - Shot Misses the Net.
5:28 of 1st period - Puck is out of play.
5:29 of 1st period - Christian Dvorak wins face-off versus Daniel Audette in Bears zone.
5:40 of 1st period - Wrist shot by Kerby Rychel.
5:40 of 1st period - Stopped by Cal Petersen without a rebound.
5:41 of 1st period - John Quenneville wins face-off versus Sam Carrick in Punishers zone.
6:08 of 1st period - Tommy Vannelli is hit by Fredrik Claesson and loses puck.
6:09 of 1st period - Tommy Vannelli from Bears is injured at 6:09 of 1st period (Head).
6:10 of 1st period - Christian Dvorak wins face-off versus Daniel Audette in Bears zone.
6:21 of 1st period - Wrist shot by Oskar Lindblom.
6:21 of 1st period - Shot Misses the Net.
6:23 of 1st period - Slapshot by Jack Ahcan.
6:23 of 1st period - Shot Blocked by Gianluca Curcuruto.
6:58 of 1st period - Backhand shot by Austen Brassard.
6:58 of 1st period - Shot Blocked by Jacob Bryson.
7:13 of 1st period - Minor Penalty to Austen Brassard for Slashing.
7:14 of 1st period - Christian Dvorak wins face-off versus Anton Blidh in Punishers zone.
7:15 of 1st period - Slapshot by Kerby Rychel.
7:15 of 1st period - Goal by Kerby Rychel - Punishers : 1 - Bears : 3.
7:16 of 1st period - Christian Dvorak wins face-off versus John Quenneville in neutral zone.
7:25 of 1st period - Snap shot by Nicolas Aube-Kubel.
7:25 of 1st period - Shot Misses the Net.
7:32 of 1st period - Minor Penalty to Nicolas Aube-Kubel for Interference.
7:33 of 1st period - John Quenneville wins face-off versus Kerby Rychel in Bears zone.
7:33 of 1st period - Snap shot by Anton Blidh.
7:33 of 1st period - Shot Misses the Net.
7:35 of 1st period - Slapshot by Ben Betker.
7:35 of 1st period - Goal by Ben Betker - Punishers : 2 - Bears : 3.
7:36 of 1st period - Sam Carrick wins face-off versus Kevin Roy in neutral zone.
8:11 of 1st period - Wrist shot by Christian Dvorak.
8:11 of 1st period - Deflect By Nicolas Aube-Kubel.
8:11 of 1st period - Shot Blocked by Carson Meyer.
8:11 of 1st period - Puck is out of play.
8:12 of 1st period - Christian Dvorak wins face-off versus John Quenneville in Punishers zone.
8:43 of 1st period - Slapshot by Artem Zub.
8:43 of 1st period - Deflect By Sam Carrick.
8:43 of 1st period - Stopped by Jake Allen with a rebound.
8:59 of 1st period - Jacob Bryson is hit by Carson Meyer and loses puck.
9:17 of 1st period - Icing by Artem Zub.
9:18 of 1st period - John Hayden wins face-off versus Vincent Dunn in Punishers zone.
9:45 of 1st period - Wrist shot by Kevin Roy.
9:45 of 1st period - Shot Misses the Net.
10:23 of 1st period - Snap shot by Logan O'Connor.
10:23 of 1st period - Shot Misses the Net.
10:25 of 1st period - Slapshot by Emil Johansson.
10:25 of 1st period - Deflect By Logan O'Connor.
10:25 of 1st period - Goal by Logan O'Connor - Punishers : 2 - Bears : 4.
10:25 of 1st period - Jack LaFontaine enters game.
10:26 of 1st period - John Quenneville wins face-off versus Christian Dvorak in neutral zone.
10:29 of 1st period - Nicolas Aube-Kubel is hit by Anton Blidh and loses puck.
10:42 of 1st period - Austen Brassard is hit by Nicolas Aube-Kubel and loses puck.
11:20 of 1st period - Wrist shot by Cole Smith.
11:20 of 1st period - Shot Misses the Net.
11:36 of 1st period - Mikko Vainonen is hit by Tanner Jeannot and loses puck.
12:14 of 1st period - Snap shot by John Quenneville.
12:14 of 1st period - Deflect By Phillip Danault.
12:14 of 1st period - Deflect By Michael Prapavessis.
12:14 of 1st period - Shot Blocked by Gianluca Curcuruto.
12:14 of 1st period - Puck is out of play.
12:15 of 1st period - Kevin Roy wins face-off versus Adam Lowry in Bears zone.
12:26 of 1st period - Snap shot by Kevin Roy.
12:26 of 1st period - Stopped by Jake Allen with a rebound.
12:28 of 1st period - Wrist shot by Kevin Roy.
12:28 of 1st period - Shot Misses the Net.
12:30 of 1st period - Slapshot by Connor Clifton.
12:30 of 1st period - Shot Blocked by Michael Prapavessis.
12:42 of 1st period - Daniel Audette is hit by A.J. Jenks and loses puck.
13:01 of 1st period - Kerby Rychel is hit by Anton Blidh and loses puck.
13:36 of 1st period - Wrist shot by Austen Brassard.
13:36 of 1st period - Shot Misses the Net.
13:48 of 1st period - Wrist shot by Anton Blidh.
13:48 of 1st period - Stopped by Jake Allen without a rebound.
13:49 of 1st period - Phillip Danault wins face-off versus Christian Dvorak in Bears zone.
13:50 of 1st period - Snap shot by Kole Lind.
13:50 of 1st period - Stopped by Jake Allen with a rebound.
13:52 of 1st period - Slapshot by Phillip Danault.
13:52 of 1st period - Stopped by Jake Allen with a rebound.
13:54 of 1st period - Snap shot by Phillip Danault.
13:54 of 1st period - Shot Misses the Net.
14:02 of 1st period - Wrist shot by Phillip Danault.
14:02 of 1st period - Stopped by Jake Allen with a rebound.
14:04 of 1st period - Slapshot by Fredrik Claesson.
14:04 of 1st period - Stopped by Jake Allen with a rebound.
14:16 of 1st period - Carson Meyer is hit by Joshua Leivo and loses puck.
14:23 of 1st period - Sam Carrick is hit by Oskar Lindblom and loses puck.
15:16 of 1st period - Nicolas Aube-Kubel is hit by Jesse Ylonen.
15:54 of 1st period - Snap shot by Joshua Leivo.
15:54 of 1st period - Shot Blocked by Ben Betker.
15:56 of 1st period - Wrist shot by Sam Carrick.
15:56 of 1st period - Shot Blocked by Ben Betker.
16:15 of 1st period - Snap shot by Joshua Leivo.
16:15 of 1st period - Shot Misses the Net.
16:17 of 1st period - Snap shot by A.J. Jenks.
16:17 of 1st period - Shot Blocked by Austen Brassard.
16:19 of 1st period - Snap shot by Sam Carrick.
16:19 of 1st period - Shot Misses the Net.
16:21 of 1st period - Snap shot by A.J. Jenks.
16:21 of 1st period - Shot Misses the Net.
16:23 of 1st period - Snap shot by Sam Carrick.
16:23 of 1st period - Stopped by Jack LaFontaine without a rebound.
16:24 of 1st period - Christian Dvorak wins face-off versus Kevin Roy in Punishers zone.
16:27 of 1st period - Snap shot by Kerby Rychel.
16:27 of 1st period - Shot Blocked by Niko Mikkola.
16:29 of 1st period - Snap shot by Mikko Vainonen.
16:29 of 1st period - Deflect By Nicolas Aube-Kubel.
16:29 of 1st period - Goal by Nicolas Aube-Kubel - Punishers : 2 - Bears : 5.
16:30 of 1st period - Christian Dvorak wins face-off versus Kevin Roy in neutral zone.
16:33 of 1st period - Slapshot by Kerby Rychel.
16:33 of 1st period - Stopped by Jack LaFontaine with a rebound.
16:43 of 1st period - Wrist shot by Kole Lind.
16:43 of 1st period - Stopped by Jake Allen with a rebound.
17:22 of 1st period - Snap shot by Christian Dvorak.
17:22 of 1st period - Shot Misses the Net.
17:24 of 1st period - Slapshot by Emil Johansson.
17:24 of 1st period - Deflect By Nicolas Aube-Kubel.
17:24 of 1st period - Stopped by Jack LaFontaine with a rebound.
17:26 of 1st period - Snap shot by Kerby Rychel.
17:26 of 1st period - Stopped by Jack LaFontaine with a rebound.
17:28 of 1st period - Wrist shot by Kerby Rychel.
17:28 of 1st period - Stopped by Jack LaFontaine with a rebound.
17:34 of 1st period - Slapshot by Kerby Rychel.
17:34 of 1st period - Stopped by Jack LaFontaine with a rebound.
17:46 of 1st period - Backhand shot by Nicolas Aube-Kubel.
17:46 of 1st period - Shot Blocked by Fredrik Claesson.
17:48 of 1st period - Slapshot by Emil Johansson.
17:48 of 1st period - Shot Misses the Net.
18:08 of 1st period - Snap shot by Nicolas Aube-Kubel.
18:08 of 1st period - Deflect By Christian Dvorak.
18:08 of 1st period - Goal by Christian Dvorak - Punishers : 2 - Bears : 6.
18:09 of 1st period - Kevin Roy wins face-off versus Sam Carrick in neutral zone.
18:27 of 1st period - Michael Prapavessis is hit by Ben Betker and loses puck.
19:00 of 1st period - Ben Betker is hit by Logan O'Connor and loses puck.
19:27 of 1st period - Snap shot by Anton Blidh.
19:27 of 1st period - Goal by Anton Blidh - Punishers : 3 - Bears : 6.
19:28 of 1st period - John Quenneville wins face-off versus Sam Carrick in neutral zone.
Goals for this period are 3 for Punishers vs 6 for Bears.
Shots for this period are 12 for Punishers vs 15 for Bears.
2nd period
0:01 of 2nd period - Kevin Roy wins face-off versus Christian Dvorak in neutral zone.
0:06 of 2nd period - Michael Prapavessis is hit by Kevin Roy and loses puck.
0:27 of 2nd period - Ben Betker is hit by Austin Wuthrich and loses puck.
0:48 of 2nd period - Daniel Audette is hit by Sam Carrick and loses puck.
0:59 of 2nd period - Fredrik Claesson is hit by Sam Carrick.
1:11 of 2nd period - Snap shot by John Hayden.
1:11 of 2nd period - Stopped by Jake Allen without a rebound.
1:12 of 2nd period - Vincent Dunn wins face-off versus John Hayden in Bears zone.
1:19 of 2nd period - Snap shot by Vincent Dunn.
1:19 of 2nd period - Stopped by Jack LaFontaine with a rebound.
1:21 of 2nd period - Snap shot by Vincent Dunn.
1:21 of 2nd period - Shot Misses the Net.
1:23 of 2nd period - Slapshot by Mikko Vainonen.
1:23 of 2nd period - Stopped by Jack LaFontaine with a rebound.
1:25 of 2nd period - Slapshot by Emil Johansson.
1:25 of 2nd period - Stopped by Jack LaFontaine with a rebound.
1:27 of 2nd period - Slapshot by Mikko Vainonen.
1:27 of 2nd period - Stopped by Jack LaFontaine with a rebound.
1:29 of 2nd period - Wrist shot by Mikko Vainonen.
1:29 of 2nd period - Shot Blocked by Artem Zub.
1:31 of 2nd period - Slapshot by Emil Johansson.
1:31 of 2nd period - Deflect By Artem Zub.
1:31 of 2nd period - Stopped by Jack LaFontaine with a rebound.
1:35 of 2nd period - Slapshot by Nikolay Prokhorkin.
1:35 of 2nd period - Stopped by Jack LaFontaine with a rebound.
1:37 of 2nd period - Slapshot by Vincent Dunn.
1:37 of 2nd period - Stopped by Jack LaFontaine with a rebound.
1:41 of 2nd period - Slapshot by Vincent Dunn.
1:41 of 2nd period - Shot Misses the Net.
1:43 of 2nd period - Slapshot by Emil Johansson.
1:43 of 2nd period - Stopped by Jack LaFontaine with a rebound.
1:53 of 2nd period - Snap shot by Vincent Dunn.
1:53 of 2nd period - Shot Blocked by Tanner Jeannot.
1:55 of 2nd period - Slapshot by Mikko Vainonen.
1:55 of 2nd period - Stopped by Jack LaFontaine without a rebound.
1:56 of 2nd period - John Quenneville wins face-off versus Christian Dvorak in Punishers zone.
2:00 of 2nd period - Icing by Anton Blidh.
2:01 of 2nd period - John Quenneville wins face-off versus Nicolas Aube-Kubel in Punishers zone.
2:27 of 2nd period - Snap shot by John Quenneville.
2:27 of 2nd period - Shot Blocked by Gianluca Curcuruto.
2:29 of 2nd period - Snap shot by Kole Lind.
2:29 of 2nd period - Shot Misses the Net.
2:31 of 2nd period - Snap shot by Kevin Roy.
2:31 of 2nd period - Stopped by Jake Allen with a rebound.
2:33 of 2nd period - Slapshot by Kole Lind.
2:33 of 2nd period - Stopped by Jake Allen with a rebound.
2:37 of 2nd period - Wrist shot by Kole Lind.
2:37 of 2nd period - Goal by Kole Lind - Punishers : 4 - Bears : 6.
2:38 of 2nd period - Kevin Roy wins face-off versus Christian Dvorak in neutral zone.
2:41 of 2nd period - Snap shot by Artem Zub.
2:41 of 2nd period - Shot Blocked by Nicolas Aube-Kubel.
2:43 of 2nd period - Wrist shot by Kevin Roy.
2:43 of 2nd period - Shot Misses the Net.
3:30 of 2nd period - Carson Meyer is hit by Austin Wuthrich and loses puck.
4:04 of 2nd period - Nicolas Beaudin is hit by Logan O'Connor and loses puck.
4:21 of 2nd period - Snap shot by John Hayden.
4:21 of 2nd period - Stopped by Jake Allen without a rebound.
4:22 of 2nd period - John Quenneville wins face-off versus Christian Dvorak in Bears zone.
4:25 of 2nd period - Snap shot by Anton Blidh.
4:25 of 2nd period - Stopped by Jake Allen with a rebound.
4:49 of 2nd period - Ben Betker is hit by A.J. Jenks and loses puck.
5:18 of 2nd period - Minor Penalty to Fredrik Claesson for Hooking.
5:19 of 2nd period - John Quenneville wins face-off versus Christian Dvorak in Punishers zone.
7:13 of 2nd period - Adam Lowry is hit by Phillip Danault and loses puck.
7:18 of 2nd period - Penalty to Fredrik Claesson is over, Fredrik Claesson is back on ice.
7:24 of 2nd period - Wrist shot by Fredrik Claesson.
7:24 of 2nd period - Deflect By Phillip Danault.
7:24 of 2nd period - Shot Misses the Net.
7:24 of 2nd period - Puck is out of play.
7:25 of 2nd period - Adam Lowry wins face-off versus John Hayden in Bears zone.
7:41 of 2nd period - Icing by Gianluca Curcuruto.
7:42 of 2nd period - John Quenneville wins face-off versus Adam Lowry in Bears zone.
7:43 of 2nd period - Snap shot by Anton Blidh.
7:43 of 2nd period - Shot Misses the Net.
7:57 of 2nd period - Snap shot by Austin Wuthrich.
7:57 of 2nd period - Shot Misses the Net.
7:59 of 2nd period - Snap shot by Adam Lowry.
7:59 of 2nd period - Stopped by Jack LaFontaine with a rebound.
8:01 of 2nd period - Slapshot by Gianluca Curcuruto.
8:01 of 2nd period - Shot Blocked by Ben Betker.
8:03 of 2nd period - Snap shot by Adam Lowry.
8:03 of 2nd period - Goal by Adam Lowry - Punishers : 4 - Bears : 7.
8:04 of 2nd period - Kevin Roy wins face-off versus Christian Dvorak in neutral zone.
8:07 of 2nd period - Wrist shot by Artem Zub.
8:07 of 2nd period - Deflect By Mikko Vainonen.
8:07 of 2nd period - Stopped by Jake Allen with a rebound.
8:38 of 2nd period - Slapshot by Ben Betker.
8:38 of 2nd period - Shot Misses the Net.
8:54 of 2nd period - Wrist shot by Austin Wuthrich.
8:54 of 2nd period - Goal by Austin Wuthrich - Punishers : 4 - Bears : 8.
8:55 of 2nd period - Christian Dvorak wins face-off versus John Quenneville in neutral zone.
9:22 of 2nd period - Kole Lind is hit by A.J. Jenks and loses puck.
9:47 of 2nd period - Jack Ahcan is hit by Jacob Bryson.
9:48 of 2nd period - Jack Ahcan from Punishers is injured at 9:48 of 2nd period (Right Foot).
9:49 of 2nd period - John Quenneville wins face-off versus Christian Dvorak in Punishers zone.
10:26 of 2nd period - Icing by Artem Zub.
10:27 of 2nd period - Kevin Roy wins face-off versus Christian Dvorak in Punishers zone.
10:27 of 2nd period - Kevin Roy is hit by Mikko Vainonen.
10:37 of 2nd period - Snap shot by Kole Lind.
10:37 of 2nd period - Shot Blocked by Mikko Vainonen.
10:39 of 2nd period - Snap shot by Artem Zub.
10:39 of 2nd period - Stopped by Jake Allen without a rebound.
10:40 of 2nd period - Christian Dvorak wins face-off versus John Quenneville in Bears zone.
10:40 of 2nd period - Christian Dvorak is hit by Austen Brassard.
11:15 of 2nd period - Snap shot by Joshua Leivo.
11:15 of 2nd period - Stopped by Jack LaFontaine with a rebound.
11:27 of 2nd period - Slapshot by Daniel Audette.
11:27 of 2nd period - Stopped by Jake Allen with a rebound.
11:29 of 2nd period - Slapshot by Daniel Audette.
11:29 of 2nd period - Shot Blocked by Gianluca Curcuruto.
11:31 of 2nd period - Snap shot by Oskar Lindblom.
11:31 of 2nd period - Stopped by Jake Allen without a rebound.
11:32 of 2nd period - Adam Lowry wins face-off versus John Quenneville in Bears zone.
11:37 of 2nd period - Wrist shot by Adam Lowry.
11:37 of 2nd period - Shot Misses the Net.
11:57 of 2nd period - Adam Lowry is hit by Oskar Lindblom.
12:03 of 2nd period - Snap shot by Oskar Lindblom.
12:03 of 2nd period - Shot Misses the Net.
12:13 of 2nd period - Wrist shot by Adam Lowry.
12:13 of 2nd period - Shot Misses the Net.
12:15 of 2nd period - Wrist shot by Cole Smith.
12:15 of 2nd period - Stopped by Jack LaFontaine with a rebound.
12:17 of 2nd period - Snap shot by Adam Lowry.
12:17 of 2nd period - Stopped by Jack LaFontaine without a rebound.
12:18 of 2nd period - Kevin Roy wins face-off versus Christian Dvorak in Punishers zone.
13:56 of 2nd period - Snap shot by Kole Lind.
13:56 of 2nd period - Shot Misses the Net.
13:58 of 2nd period - Wrist shot by Phillip Danault.
13:58 of 2nd period - Shot Misses the Net.
14:00 of 2nd period - Snap shot by Ben Betker.
14:00 of 2nd period - Shot Blocked by Nicolas Aube-Kubel.
14:23 of 2nd period - Icing by Artem Zub.
14:24 of 2nd period - Christian Dvorak wins face-off versus John Quenneville in Punishers zone.
14:25 of 2nd period - Snap shot by Kerby Rychel.
14:25 of 2nd period - Shot Misses the Net.
14:56 of 2nd period - Christian Dvorak is hit by Austen Brassard and loses puck.
15:05 of 2nd period - Anton Blidh is hit by Kerby Rychel and loses puck.
15:24 of 2nd period - Wrist shot by John Quenneville.
15:24 of 2nd period - Stopped by Jake Allen with a rebound.
15:26 of 2nd period - Slapshot by John Quenneville.
15:26 of 2nd period - Stopped by Jake Allen with a rebound.
15:28 of 2nd period - Snap shot by John Quenneville.
15:28 of 2nd period - Stopped by Jake Allen without a rebound.
15:29 of 2nd period - Sam Carrick wins face-off versus Kevin Roy in Bears zone.
15:37 of 2nd period - Minor Penalty to Kole Lind for Interference.
15:38 of 2nd period - Joshua Leivo wins face-off versus John Quenneville in Punishers zone.
15:54 of 2nd period - Wrist shot by Sam Carrick.
15:54 of 2nd period - Goal by Sam Carrick - Punishers : 4 - Bears : 9.
15:54 of 2nd period - Cal Petersen enters game.
15:55 of 2nd period - Kevin Roy wins face-off versus Christian Dvorak in neutral zone.
16:20 of 2nd period - Mikko Vainonen is hit by Carson Meyer and loses puck.
16:31 of 2nd period - Slapshot by Daniel Audette.
16:31 of 2nd period - Stopped by Jake Allen without a rebound.
16:32 of 2nd period - Sam Carrick wins face-off versus John Quenneville in Bears zone.
17:53 of 2nd period - Off-side.
17:54 of 2nd period - Phillip Danault wins face-off versus Sam Carrick in neutral zone.
18:27 of 2nd period - Mikko Vainonen is hit by Daniel Audette and loses puck.
19:27 of 2nd period - Phillip Danault is hit by Vincent Dunn and loses puck.
19:54 of 2nd period - Snap shot by Carson Meyer.
19:54 of 2nd period - Shot Misses the Net.
Goals for this period are 1 for Punishers vs 3 for Bears.
Shots for this period are 14 for Punishers vs 16 for Bears.
3rd period
0:01 of 3rd period - John Quenneville wins face-off versus Christian Dvorak in neutral zone.
1:52 of 3rd period - Slapshot by Artem Zub.
1:52 of 3rd period - Shot Misses the Net.
1:54 of 3rd period - Slapshot by Jesse Ylonen.
1:54 of 3rd period - Shot Misses the Net.
1:56 of 3rd period - Wrist shot by Tanner Jeannot.
1:56 of 3rd period - Shot Blocked by Cole Smith.
1:58 of 3rd period - Snap shot by John Hayden.
1:58 of 3rd period - Stopped by Jake Allen with a rebound.
2:00 of 3rd period - Snap shot by Tanner Jeannot.
2:00 of 3rd period - Stopped by Jake Allen with a rebound.
2:02 of 3rd period - Slapshot by Ben Betker.
2:02 of 3rd period - Shot Misses the Net.
2:12 of 3rd period - Mikko Vainonen is hit by Carson Meyer and loses puck.
2:27 of 3rd period - Slapshot by Adam Lowry.
2:27 of 3rd period - Shot Misses the Net.
2:37 of 3rd period - Wrist shot by Phillip Danault.
2:37 of 3rd period - Shot Misses the Net.
2:39 of 3rd period - Snap shot by Kevin Roy.
2:39 of 3rd period - Shot Misses the Net.
2:41 of 3rd period - Slapshot by Ben Betker.
2:41 of 3rd period - Stopped by Jake Allen with a rebound.
2:51 of 3rd period - Emil Johansson is hit by Austen Brassard and loses puck.
3:23 of 3rd period - Logan O'Connor is hit by John Hayden.
3:42 of 3rd period - Connor Clifton is hit by Nicolas Aube-Kubel.
4:13 of 3rd period - Icing by Jacob Bryson.
4:14 of 3rd period - Sam Carrick wins face-off versus John Quenneville in Bears zone.
4:16 of 3rd period - Icing by A.J. Jenks.
4:17 of 3rd period - John Quenneville wins face-off versus Sam Carrick in Bears zone.
4:18 of 3rd period - Snap shot by Anton Blidh.
4:18 of 3rd period - Shot Misses the Net.
5:32 of 3rd period - Slapshot by John Quenneville.
5:32 of 3rd period - Stopped by Jake Allen without a rebound.
5:33 of 3rd period - Adam Lowry wins face-off versus Kevin Roy in Bears zone.
6:37 of 3rd period - Minor Penalty to Tanner Jeannot for Hooking.
6:38 of 3rd period - Nicolas Aube-Kubel wins face-off versus John Quenneville in Punishers zone.
6:48 of 3rd period - Backhand shot by Kerby Rychel.
6:48 of 3rd period - Shot Blocked by Fredrik Claesson.
6:50 of 3rd period - Slapshot by Christian Dvorak.
6:50 of 3rd period - Stopped by Cal Petersen with a rebound.
8:37 of 3rd period - Penalty to Tanner Jeannot is over, Tanner Jeannot is back on ice.
9:08 of 3rd period - Slapshot by Gianluca Curcuruto.
9:08 of 3rd period - Deflect By Austin Wuthrich.
9:08 of 3rd period - Stopped by Cal Petersen with a rebound.
9:25 of 3rd period - Icing by Jesse Ylonen.
9:26 of 3rd period - John Hayden wins face-off versus Adam Lowry in Punishers zone.
9:30 of 3rd period - Off-side.
9:31 of 3rd period - Adam Lowry wins face-off versus Phillip Danault in neutral zone.
9:40 of 3rd period - Snap shot by Adam Lowry.
9:40 of 3rd period - Goal by Adam Lowry - Punishers : 4 - Bears : 10.
9:41 of 3rd period - Christian Dvorak wins face-off versus Anton Blidh in neutral zone.
9:50 of 3rd period - Slapshot by Nicolas Aube-Kubel.
9:50 of 3rd period - Deflect By Christian Dvorak.
9:50 of 3rd period - Shot Misses the Net.
9:50 of 3rd period - Puck is out of play.
9:51 of 3rd period - John Quenneville wins face-off versus Christian Dvorak in Punishers zone.
10:08 of 3rd period - Snap shot by John Quenneville.
10:08 of 3rd period - Stopped by Jake Allen with a rebound.
10:10 of 3rd period - Slapshot by Artem Zub.
10:10 of 3rd period - Shot Blocked by Nicolas Aube-Kubel.
10:53 of 3rd period - Slapshot by Anton Blidh.
10:53 of 3rd period - Shot Misses the Net.
10:55 of 3rd period - Slapshot by Anton Blidh.
10:55 of 3rd period - Goal by Anton Blidh - Punishers : 5 - Bears : 10.
10:56 of 3rd period - Sam Carrick wins face-off versus Kevin Roy in neutral zone.
11:11 of 3rd period - Snap shot by Sam Carrick.
11:11 of 3rd period - Stopped by Cal Petersen without a rebound.
11:12 of 3rd period - Daniel Audette wins face-off versus Adam Lowry in Punishers zone.
12:08 of 3rd period - Slapshot by Anton Blidh.
12:08 of 3rd period - Deflect By John Quenneville.
12:08 of 3rd period - Stopped by Jake Allen with a rebound.
13:11 of 3rd period - Snap shot by Anton Blidh.
13:11 of 3rd period - Deflect By Austen Brassard.
13:11 of 3rd period - Shot Misses the Net.
13:11 of 3rd period - Puck is out of play.
13:12 of 3rd period - Christian Dvorak wins face-off versus Kevin Roy in Bears zone.
14:20 of 3rd period - Oskar Lindblom is hit by Kerby Rychel and loses puck.
14:31 of 3rd period - Nicolas Aube-Kubel is hit by Daniel Audette and loses puck.
14:48 of 3rd period - Snap shot by Logan O'Connor.
14:48 of 3rd period - Stopped by Cal Petersen with a rebound.
14:50 of 3rd period - Snap shot by Nikolay Prokhorkin.
14:50 of 3rd period - Shot Misses the Net.
15:04 of 3rd period - Daniel Audette is hit by Austin Wuthrich and loses puck.
15:09 of 3rd period - Snap shot by Austin Wuthrich.
15:09 of 3rd period - Shot Misses the Net.
16:03 of 3rd period - Snap shot by Vincent Dunn.
16:03 of 3rd period - Stopped by Cal Petersen with a rebound.
16:05 of 3rd period - Slapshot by Vincent Dunn.
16:05 of 3rd period - Stopped by Cal Petersen with a rebound.
16:07 of 3rd period - Slapshot by Jacob Bryson.
16:07 of 3rd period - Deflect By Logan O'Connor.
16:07 of 3rd period - Stopped by Cal Petersen with a rebound.
16:09 of 3rd period - Slapshot by Jacob Bryson.
16:09 of 3rd period - Stopped by Cal Petersen with a rebound.
16:11 of 3rd period - Snap shot by Nikolay Prokhorkin.
16:11 of 3rd period - Stopped by Cal Petersen without a rebound.
16:12 of 3rd period - John Quenneville wins face-off versus Nicolas Aube-Kubel in Punishers zone.
16:50 of 3rd period - Off-side.
16:51 of 3rd period - Joshua Leivo wins face-off versus John Hayden in neutral zone.
17:20 of 3rd period - Slapshot by Artem Zub.
17:20 of 3rd period - Stopped by Jake Allen with a rebound.
17:26 of 3rd period - Austen Brassard is hit by Kerby Rychel and loses puck.
17:37 of 3rd period - Cole Smith is hit by Artem Zub and loses puck.
17:44 of 3rd period - Wrist shot by Kole Lind.
17:44 of 3rd period - Shot Misses the Net.
18:02 of 3rd period - Slapshot by Daniel Audette.
18:02 of 3rd period - Stopped by Jake Allen with a rebound.
18:06 of 3rd period - Snap shot by Oskar Lindblom.
18:06 of 3rd period - Deflect By Austin Wuthrich.
18:06 of 3rd period - Stopped by Jake Allen without a rebound.
18:07 of 3rd period - Christian Dvorak wins face-off versus John Quenneville in Bears zone.
18:24 of 3rd period - Fredrik Claesson is hit by Kerby Rychel and loses puck.
18:57 of 3rd period - Jacob Bryson is hit by Oskar Lindblom and loses puck.
Goals for this period are 1 for Punishers vs 1 for Bears.
Shots for this period are 10 for Punishers vs 10 for Bears.